 Dungeon Crawl Stone Soup version 0.25-a0-1133-g93ebf73 (webtiles) character file.

Game seed: 3483029347894352677, levelgen mode: deterministic

1217 Cheivey the Cudgeler (level 8, -6/62 HPs)
             Began as a Human Berserker on May 21, 2020.
             Was an Initiate of Dithmenos.
             Mangled by Prince Ribbit (10 damage)
             ... on level 6 of the Dungeon.
             The game lasted 00:31:49 (4382 turns).

Cheivey the Cudgeler (Human Berserker)              Turns: 4382, Time: 00:31:49

Health: -6/62      AC: 15    Str: 20    XL:     8   Next: 75%
Magic:  8/8        EV: 10    Int:  8    God:    Dithmenos [......]
Gold:   185        SH:  0    Dex: 12    Spells: 6/7 levels left

rFire    . . .     SeeInvis .   g - +0 dire flail (holy)
rCold    . . .     Gourm    .   (shield currently unavailable)
rNeg     . . .     Faith    .   d - +5 scale mail
rPois    .         Spirit   .   f - +0 helmet
rElec    .         Reflect  .   (no cloak)
rCorr    .         Harm     .   (no gloves)
MR       .....                  (no boots)
Stlth    +.........             (no amulet)
HPRegen  0.20/turn              m - ring of stealth
MPRegen  0.11/turn              (no ring)

@: drained
A: talons 1, slimy green scales 1, screaming 1, subdued magic 1
a: Renounce Religion


You were on level 6 of the Dungeon.
You worshipped Dithmenos.
Dithmenos was noncommittal.
You were not hungry.

You visited 1 branch of the dungeon, and saw 6 of its levels.

You collected 185 gold pieces.

Inventory:

Hand Weapons
 g - a +0 dire flail of holy wrath (weapon)
Armour
 d - a +5 scale mail (worn)
 f - a +0 helmet (worn)
Jewellery
 m - a ring of stealth (left hand)
Scrolls
 a - a scroll of identify
 b - 3 scrolls of teleportation
 e - a scroll of amnesia
 h - 2 scrolls of remove curse
 i - a scroll of fear
Potions
 k - 2 potions of haste
 l - a potion of stabbing
Comestibles
 c - 11 rations


   Skills:
 + Level 5.2(4.0) Fighting
 + Level 7.7(6.5) Maces & Flails
 + Level 4.5(3.4) Armour
 + Level 3.4(2.3) Dodging
 + Level 1.1(0.1) Stealth


You had 6 spell levels left.
You knew the following spells:

 Your Spells              Type           Power        Failure   Level  Hunger
a - Apportation           Tloc           #.....       73%         1    ##.....

Your spell library contained the following spells:

 Spells                   Type           Power        Failure   Level  Hunger
 Animate Skeleton         Necr           N/A          73%         1    ##.....
 Corona                   Hex            #......      73%         1    ##.....
 Summon Small Mammal      Summ           #...         73%         1    ##.....


Dungeon Overview and Level Annotations

Branches:
Dungeon (6/15)             Temple (0/1) D:6

Altars:
Dithmenos
Hepliaklqana
Ru
Uskayaw
Wu Jian
Xom

Shops:
D:5 %

Annotations:
D:6 Prince Ribbit


Innate Abilities, Weirdness & Mutations

You have sharp toenails.
You are partially covered in slimy green scales. (AC +2)
You occasionally shout uncontrollably at your foes.
Your spells are a little easier to cast, but a little less powerful.


Message History

You feel magically purged.
Prince Ribbit hits you but does no damage.
Prince Ribbit blinks!
Prince Ribbit blinks!
Prince Ribbit blinks!
Found a stone staircase leading up.
Prince Ribbit hits you.
* * * LOW HITPOINT WARNING * * *
You see here 8 gold pieces.
You miss Prince Ribbit. Your kick misses Prince Ribbit.
Prince Ribbit is heavily wounded.
Prince Ribbit blinks!
Prince Ribbit hits you but does no damage.
Prince Ribbit hits you!
* * * LOW HITPOINT WARNING * * *
You miss Prince Ribbit. Your kick misses Prince Ribbit.
Prince Ribbit is heavily wounded.
Prince Ribbit hits you!
You die...
Xom chortles!

#####***,,,,...##.....##...##.#*,
.>..,,,,,,*###.#.......#......##,
,,,,,,,,,,,....#.......#.........
,,,,,,,,,,,*......._......######.
********,*,*...#.......#......#*,
**** *,*,,...#.......#..###.#*,
,,,* *,***##,##.....##..# *,,,,
**,* *,,,,,#.####.####..# ****,
*,# *******,#.F@.........# *,
##.# *,,,,,*,#.#.#$..#....# *,
...#**,***,*,#,#.#.#.#....# *,
##.....# *,*,*<#...#.#....# **
#*.....# *,*,*,#####.###..#
*,....# *,*,,,*,,,,<.,,,,#******
##,,...# *,*****,,,,..*,,,,,,,,,,
.#>,,..# *.#******,*..#,,,,,,,,,,
.#####.# *.#*,,,,,,,,,**,,,,,,,,,


You could see Prince Ribbit.

Vanquished Creatures
  An ice beast (D:5)
  A black bear (D:4)
  2 ogres (D:4)
  A centaur (D:6)
  2 bullfrogs (D:6)
  A howler monkey (D:4)
  A bullfrog zombie (D:5)
  2 crimson imps (D:6)
  A quasit (D:5)
  2 hounds
  4 orc wizards
  An iguana (D:5)
  A hound skeleton (D:4)
  Robin (D:2)
  8 gnolls
  8 adders
  A shadow imp (D:5)
  An adder zombie (D:6)
  2 worms (D:3)
  3 dart slugs
  2 leopard geckos
  18 orcs
  3 giant cockroaches
  7 hobgoblins
  7 jackals
  A quokka (D:5)
  5 bats
  7 frilled lizards
  12 goblins
  8 kobolds
  A quokka skeleton (D:4)
  6 rats
121 creatures vanquished.

Notes
Turn   | Place    | Note
-------+----------+-------------------------------------------
     0 | D:1      | Cheivey the Human Berserker began the quest for the Orb.
     0 | D:1      | Reached XP level 1. HP: 18/18 MP: 1/1
   136 | D:1      | Reached XP level 2. HP: 13/24 MP: 2/2
   830 | D:2      | Reached XP level 3. HP: 15/29 MP: 3/3
   834 | D:2      | Reached ** piety under Trog
  1563 | D:2      | Reached XP level 4. HP: 34/37 MP: 4/4
  1571 | D:2      | Noticed Robin
  1616 | D:2      | Killed Robin
  1616 | D:2      | Reached XP level 5. HP: 42/42 MP: 5/5
  2031 | D:2      | Reached skill level 4 in Maces & Flails
  2206 | D:2      | You fall into a shaft and drop 1 floor!
  2405 | D:3      | Found a sacrificial altar of Ru.
  2589 | D:4      | Gained mutation: You are robust. (+10% HP) [potion of
                  | mutation]
  2589 | D:4      | Gained mutation: You are weak. (Str -2) [potion of
                  | mutation]
  2589 | D:4      | Gained mutation: You are very weak. (Str -4) [potion of
                  | mutation]
  2589 | D:4      | Gained mutation: You are agile. (Dex +2) [potion of
                  | mutation]
  2603 | D:4      | Lost mutation: You are very weak. (Str -4) [potion of
                  | mutation]
  2603 | D:4      | Lost mutation: You are robust. (+10% HP) [potion of
                  | mutation]
  2603 | D:4      | Lost mutation: You are agile. (Dex +2) [potion of mutation]
  2603 | D:4      | Lost mutation: You are weak. (Str -2) [potion of mutation]
  2603 | D:4      | Gained mutation: Your magical capacity is low. (-10% MP)
                  | [potion of mutation]
  2603 | D:4      | Gained mutation: You are surrounded by a mild repulsion
                  | field. (EV +2) [potion of mutation]
  2603 | D:4      | Gained mutation: Your spells are a little harder to cast,
                  | but a little more powerful. [potion of mutation]
  2603 | D:4      | Gained mutation: You have sharp toenails. [potion of
                  | mutation]
  2674 | D:4      | Noticed an ogre
  2679 | D:4      | Killed an ogre
  2679 | D:4      | Reached *** piety under Trog
  2679 | D:4      | Reached XP level 6. HP: 22/48 MP: 5/5
  2690 | D:4      | Noticed an ogre
  2694 | D:4      | HP: 2/48 [ogre/+0 giant club (14)]
  2952 | D:4      | Killed an ogre
  2952 | D:4      | Reached skill level 5 in Maces & Flails
  2962 | D:4      | Was placed under penance by Trog
  2964 | D:4      | Learned a level 1 spell: Apportation
  3040 | D:4      | Noticed a black bear
  3047 | D:4      | Killed a black bear
  3047 | D:4      | Reached XP level 7. HP: 44/55 MP: 6/6
  3157 | D:4      | Paralysed by Trog for 6 turns
  3165 | D:4      | Was forgiven by Trog
  3165 | D:4      | Reached skill level 6 in Maces & Flails
  3359 | D:5      | Entered Level 5 of the Dungeon
  3564 | D:5      | Found Beniom's Food Boutique.
  3680 | D:5      | Found a shimmering altar of Xom.
  3698 | D:5      | Fell from the grace of Trog
  3698 | D:5      | Became a worshipper of Xom of Chaos
  3743 | D:5      | Reached skill level 1 in Stealth
  3743 | D:5      | Reached XP level 8. HP: 61/61 MP: 7/7
  3772 | D:5      | XOM: potion effect (haste)
  3773 | D:5      | XOM: silly message
  3809 | D:5      | Noticed a shadow
  3810 | D:5      | Found a shadowy altar of Dithmenos.
  3812 | D:5      | Found a hazy altar of Hepliaklqana.
  3832 | D:5      | Fell from the grace of Xom
  3832 | D:5      | Became a worshipper of Dithmenos the Shadowed
  3979 | D:5      | Lost mutation: You are surrounded by a mild repulsion
                  | field. (EV +2) [potion of mutation]
  3979 | D:5      | Lost mutation: Your spells are a little harder to cast, but
                  | a little more powerful. [potion of mutation]
  3979 | D:5      | Lost mutation: Your magical capacity is low. (-10% MP)
                  | [potion of mutation]
  3979 | D:5      | Gained mutation: Your spells are a little easier to cast,
                  | but a little less powerful. [potion of mutation]
  3979 | D:5      | Gained mutation: You occasionally shout uncontrollably at
                  | your foes. [potion of mutation]
  3979 | D:5      | Gained mutation: You are partially covered in slimy green
                  | scales. (AC +2) [potion of mutation]
  4161 | D:6      | Reached skill level 7 in Maces & Flails
  4170 | D:6      | Reached skill level 5 in Fighting
  4202 | D:6      | Found a hide-covered altar of Uskayaw.
  4312 | D:6      | Found an ornate altar of the Wu Jian Council.
  4322 | D:6      | Noticed Prince Ribbit
  4332 | D:6      | XOM: draining
  4382 | D:6      | Mangled by Prince Ribbit

Illustrated notes

Levels and vault maps discovered:
D:1:      lordsloth_arrival_two_stooges, layout_basic
D:2:      layout_basic, cheibrodos_gnoll_hut, uniq_robin
D:3:      layout_loops_corners, nicolae_ru_sacrificial_ziggurat,
          evilmike_ruin_ashenzari
D:4:      kennysheep_big_flooded_room, layout_basic, first_ration,
          kennysheep_generic_room_2
D:5:      layout_basic, riverfiend_overflow_shadow_ancestor,
          nicolae_overflow_crystal_walls, serial_shops, shop
D:6:      layout_basic, eat_drink_and_be_merry_uskayaw,
          yredelemnul_forgotten_temple_becter, old_standard_altar,
          minmay_temple_entry_nine_rooms, uniq_prince_ribbit1

Skill      XL: |  1  2  3  4  5  6  7  8 |
---------------+-------------------------+-----
Maces & Flails | 4 5 6 7 |  7.7
Dodging        | 3 |  3.4
Fighting       | 4 5 |  5.2
Armour         | 3 4 |  4.5
Stealth        | 1 |  1.1

Action                   |  1- 3 |  4- 6 |  7- 9 || total
-------------------------+-------+-------+-------++-------
Melee: Mace              |    81 |    98 |       ||   179
       Dire flail        |       |    44 |   181 ||   225
       Kick              |       |     6 |    47 ||    53
Invok: Berserk           |     1 |     1 |       ||     2
       Trog's Hand       |       |     2 |       ||     2
  Use: Scroll            |     3 |     7 |     5 ||    15
       Potion            |     3 |     5 |     2 ||    10
  Eat: Ration            |     1 |     1 |     2 ||     4
       Chunk             |     1 |     1 |       ||     2
Armor: Animal skin       |     9 |       |       ||     9
       Scale mail        |    21 |    69 |    92 ||   182
       Leather armour    |    10 |       |       ||    10
Dodge: Dodged            |    98 |    80 |   101 ||   279

Table legend:
 A = Non-vault XP
 B = Vault XP
 C = Vault XP percentage of total XP
 D = Non-vault monster count
 E = Vault monster count
 F = Vault count percentage of total count
                 A         B        C        D         E       F
            +---------+---------+-------+---------+---------+-------
      Total |    1606 |     133 |   7.6 |     102 |      19 |  15.7
            +---------+---------+-------+---------+---------+-------
        D:1 |      28 |       0 |   0.0 |      17 |       0 |   0.0
        D:2 |     117 |      57 |  32.8 |      21 |      16 |  43.2
        D:3 |      24 |       0 |   0.0 |       9 |       0 |   0.0
        D:4 |     507 |      76 |  13.0 |      22 |       3 |  12.0
        D:5 |     340 |       0 |   0.0 |      12 |       0 |   0.0
        D:6 |     590 |       0 |   0.0 |      21 |       0 |   0.0
            +---------+---------+-------+---------+---------+-------
